 Dungeon Crawl Stone Soup version 0.31-a0-692-gf03d1854d5 (webtiles) character file.

Game seed: 11265295349691460925

159 qw the Shooter (level 5, -1/32 HPs)
             Began as a Gargoyle Hunter on Sept 6, 2023.
             Slain by a river rat (3 damage)
             ... on level 3 of the Dungeon.
             The game lasted 00:00:59 (1730 turns).

qw the Shooter (Gargoyle Hunter)                    Turns: 1730, Time: 00:00:59

Health: -1/32      AC:  9    Str: 15    XL:     5   Next: 40%
Magic:  5/5        EV: 11    Int:  9    God:
Gold:   114        SH:  0    Dex: 15    Spells: 4/4 levels left

rFire   . . .        Y - +0 shortbow
rCold   . . .        (shield currently unavailable)
rNeg    + . .        e - +0 ring mail
rPois   inf          (no helmet)
rElec   +            (no cloak)
rCorr   .            (no gloves)
SInv    .            (no boots)
Will    .....        (no amulet)
Stlth   +            (no ring)
HPRegen 0.25/turn    (no ring)
MPRegen 0.09/turn

%: no passive effects
@: no status effects
A: sickness immunity, AC +4, negative energy resistance 1, electricity
resistance, torment resistance 1, petrification resistance
a: no special abilities


You were on level 3 of the Dungeon.
You visited 1 branch of the dungeon, and saw 3 of its levels.

You collected 114 gold pieces.


Innate Abilities, Weirdness & Mutations

You are immune to sickness and miasma.
Your stone body is resilient. (AC +4)
You are immune to poison.
You resist negative energy. (rN+)
You are resistant to electric shocks. (rElec)
You are resistant to unholy torment.
You are immune to petrification.


   Skills:
 + Level 3.2 Fighting
 - Level 6.0 Ranged Weapons
 - Level 1.0 Armour
 - Level 1.5 Dodging
 - Level 1.1 Stealth


You had 4 spell levels left.
You didn't know any spells.
Your spell library was empty.

Inventory:

Hand Weapons
 Y - a +0 shortbow (weapon)
Armour
 b - the +0 robe of Mijauw {rF+ rCorr}
   (You found it on level 3 of the Dungeon)

   rF+:       It protects you from fire.
   rCorr:     It protects you from acid and corrosion.
 c - a +0 pair of gloves
 e - a +0 ring mail (worn)
Scrolls
 a - 3 scrolls of identify
Potions
 g - a potion of curing
 h - a potion of lignification {unknown}

Dungeon Overview and Level Annotations

Branches:
Dungeon (3/15)

Altars:
Dithmenos
Elyvilon
Hepliaklqana


Message History

The river rat barely misses you.
The river rat twitches its whiskers.
The river rat bites you but does no damage.
You shoot an arrow.
The arrow hits the river rat but does no damage.
The river rat is heavily wounded.
The river rat bites you. The river rat closely misses you.
You shoot an arrow.
The arrow hits the river rat but does no damage.
The river rat is heavily wounded.
The river rat bites you but does no damage. x2
The river rat closely misses you. x2
You shoot an arrow. The arrow hits the river rat.
The river rat is severely wounded.
The river rat bites you. The river rat barely misses you.
You shoot an arrow.
The arrow hits the river rat but does no damage.
The river rat is severely wounded.
The river rat bites you but does no damage.
The river rat closely misses you.
You shoot an arrow. The arrow closely misses the river rat.
The river rat bites you but does no damage. x2
You shoot an arrow. The arrow closely misses the river rat.
The river rat bites you. The river rat completely misses you.
You shoot an arrow. The arrow closely misses the river rat.
The river rat closely misses you. The river rat misses you.
The river rat closely misses you.
The river rat bites you but does no damage.
You shoot an arrow. The arrow closely misses the river rat.
The river rat closely misses you. x2
You shoot an arrow. The arrow barely misses the river rat.
The river rat bites you. The river rat barely misses you.
You shoot an arrow. The arrow closely misses the river rat.
The river rat bites you but does no damage. x2
You shoot an arrow. The arrow hits the river rat!
You kill the river rat!
You shoot an arrow. The arrow closely misses the river rat.
The river rat bites you! The rat barely misses you. x2
The river rat bites you.
You die...

..#####........#
.....##........# .:~
..##.##......##. ..
.###..#......... ..
.##...%......#.. .
...........####.#.
...##......# .r#
..####.....# #r## ...#
......# #@r### .
.......##########...#....
.##..................>#
.###..######....#####.#
..##.....# #....# #
.....:...# #....#####
.........# #.........
.........# #.#######.
..#......# #.#


You could see a river rat and 2 rats.

Vanquished Creatures
  An orc wizard (D:2)
  4 adders
  2 river rats (D:3)
  2 worms (D:2)
  2 dart slugs (D:1)
  4 orcs
  8 endoplasms
  4 giant cockroaches
  4 goblins (D:1)
  7 hobgoblins
  2 quokkas
  13 ball pythons
  6 bats
  4 kobolds
  5 rats
  A spectral hobgoblin (D:3)
69 creatures vanquished.

Notes
Turn   | Place    | Note
-------+----------+-------------------------------------------
     0 | D:1      | qw the Gargoyle Hunter began the quest for the Orb.
     0 | D:1      | Reached XP level 1. HP: 12/12 MP: 1/1
     0 | D:1      | 0 ||| qw: Version: 0.3-a-76-g4403597
     0 | D:1      | 0 ||| qw: Game counter: 140
     0 | D:1      | 0 ||| qw: Melee chars always use a shield: true
     0 | D:1      | 0 ||| qw: God list: Okawaru
     0 | D:1      | 0 ||| qw: Allow faded altars: false
     0 | D:1      | 0 ||| qw: Do Orc after clearing Dungeon:15 true
     0 | D:1      | 0 ||| qw: Do second Lair branch before Depths: true
     0 | D:1      | 0 ||| qw: Lair rune preference: random
     0 | D:1      | 0 ||| qw: Goals: Normal
     0 | D:1      | 0 ||| PLANNING D:1-11
   126 | D:1      | 126 ||| Stepping ~*~*~tactically~*~*~ (outnumbered).
   135 | D:1      | Reached XP level 2. HP: 16/17 MP: 2/2
   452 | D:1      | Reached XP level 3. HP: 21/21 MP: 3/3
   487 | D:1      | Reached skill level 5 in Ranged Weapons
   699 | D:1      | 699 ||| READING 3 scrolls labelled GUREEJ TUIRPH.
   700 | D:1      | 700 ||| READING 2 scrolls labelled XUSAWK ZIOLO.
   701 | D:1      | 701 ||| READING scroll labelled FISHUB UFOMI.
   702 | D:1      | 702 ||| READING scroll labelled KIUHOW BETUI.
   703 | D:1      | 703 ||| READING scroll labelled JOAXEQYFUN.
   704 | D:1      | 704 ||| READING scroll labelled JATHRE PISU.
   705 | D:1      | 705 ||| READING scroll labelled OQAOKA HODAC.
   706 | D:1      | 706 ||| READING 2 scrolls of identify.
   706 | D:1      | 706 ||| IDENTIFYING golden potion
   707 | D:1      | 707 ||| DROPPING scroll of butterflies.
   708 | D:1      | 708 ||| DROPPING scroll of blinking.
   751 | D:2      | Reached skill level 3 in Fighting
   858 | D:2      | Reached XP level 4. HP: 25/28 MP: 4/4
   970 | D:2      | 970 ||| DRINKING 2 potions of curing.
   970 | D:2      | 970 ||| (to cure confusion)
  1380 | D:2      | 1380 ||| UPGRADING to +0 ring mail.
  1390 | D:2      | 1390 ||| DROPPING +0 leather armour.
  1391 | D:2      | 1391 ||| READING scroll labelled AGUNTU DAUXESI.
  1392 | D:2      | 1392 ||| READING scroll labelled YLYJIUCLYAN.
  1393 | D:2      | 1393 ||| DRINKING 2 sedimented black potions.
  1394 | D:2      | 1394 ||| READING 2 scrolls of identify.
  1394 | D:2      | 1394 ||| IDENTIFYING lumpy purple potion
  1395 | D:2      | 1395 ||| DROPPING potion of brilliance.
  1396 | D:2      | 1396 ||| DROPPING potion of attraction.
  1426 | D:3      | 1426 ||| PLANNING SEWER
  1435 | D:3      | Identified the +0 robe of Mijauw {rF+ rCorr}
  1478 | D:3      | Reached XP level 5. HP: 32/32 MP: 5/5
  1511 | D:3      | Found a hazy altar of Hepliaklqana.
  1522 | D:3      | Reached skill level 1 in Armour
  1579 | D:3      | Found a shadowy altar of Dithmenos.
  1623 | D:3      | Found a white marble altar of Elyvilon.
  1645 | D:3      | Identified the +5 trident of the Girdle {drain, rElec rF+}
  1704 | D:3      | Reached skill level 6 in Ranged Weapons
  1730 | D:3      | HP: 2/32 [river rat (8)]
  1730 | D:3      | Slain by a river rat

Levels and vault maps discovered:
D:1:      dpeg_arrival_simpleton_c, layout_basic
D:2:      minmay_wonky_spiral, layout_rooms
D:3:      layout_basic, mainiacjoe_overflow_24_doors,
          mainiacjoe_overflow_cross_hatched,
          nicolae_hepliaklqana_monster_ancestors,
          nicolae_dithmenos_shadow_blocks, nemelex_dance_club_becter,
          portal_sewer_entry_a

Skill      XL: |  1  2  3  4  5 |
---------------+----------------+-----
Ranged Weapons | 5 6 |  6.0
Fighting       | 3 |  3.2
Armour         | 1 |  1.0
Dodging        | |  1.5
Stealth        | |  1.1

Action                     |  1- 3 |  4- 6 || total
---------------------------+-------+-------++-------
   Fire: Shortbow          |   124 |   134 ||   258
    Use: Scroll            |     8 |     3 ||    11
         Potion            |       |     2 ||     2
 Armour: Leather armour    |    20 |    33 ||    53
         Ring mail         |       |    50 ||    50
  Dodge: Dodged            |    23 |    58 ||    81

Table legend:
 A = Non-vault XP
 B = Vault XP
 C = Vault XP percentage of total XP
 D = Non-vault monster count
 E = Vault monster count
 F = Vault count percentage of total count
                 A         B        C        D         E       F
            +---------+---------+-------+---------+---------+-------
      Total |     190 |      38 |  16.7 |      59 |      10 |  14.5
            +---------+---------+-------+---------+---------+-------
        D:1 |      46 |       0 |   0.0 |      25 |       0 |   0.0
        D:2 |     108 |       2 |   1.8 |      26 |       2 |   7.1
        D:3 |      36 |      36 |  50.0 |       8 |       8 |  50.0
            +---------+---------+-------+---------+---------+-------
